 Dungeon Crawl Stone Soup version 0.30-a0-1035-g38d5fb2972 (webtiles) character file.

Game seed: 615015676169239038

59316 jimonade the Thaumaturge (level 15, -4/104 HPs)
             Began as a Djinni Ice Elementalist on Apr 8, 2023.
             Was the Champion of Lugonu.
             Slain by an ettin
             ... wielding a +0 great mace
              (40 damage)
             ... on level 2 of the Orcish Mines.
             The game lasted 01:35:00 (20161 turns).

jimonade the Thaumaturge (Djinni Ice Elementalist) Turns: 20161, Time: 01:35:01

Health: -4/104     AC: 12    Str: 13    XL:     15   Next: 33%
Gold:   1437       EV: 14    Int: 18    God:    Lugonu [******] SH:  7 Dex: 14

rFire   + + .      SeeInvis .    a - staff of earth
rCold   x . .      Faith    .    T - +1 buckler {reflect}
rNeg    . . .      Spirit   .    V - +0 troll leather armour
rPois   ∞          Reflect  +    Z - +0 hat {Will+}
rElec   .          Rampage  .    y - +0 cloak
rCorr   .                        n - +1 pair of gloves
Will    +++..                    (boots unavailable)
Stlth   ++                       F - amulet of regeneration
HPRegen 1.97/turn                X - ring of willpower
MPRegen 0.00/turn                R - ring "Xinla" {+Blink AC+4}

@: flying
A: sickness immunity, fire resistance 2, cold vulnerability 1, float, innate
caster, HP casting, extra vitality 1
a: Renounce Religion, Evoke Blink, Depart the Abyss, Banish, Corrupt, Enter the
Abyss, Brand Weapon With Distortion


You were on level 2 of the Orcish Mines.
You worshipped Lugonu.
Lugonu was exalted by your worship.
You visited 3 branches of the dungeon, and saw 20 of its levels.
You visited the Abyss 1 time.
You also visited: Bailey.

You collected 2022 gold pieces.
You spent 585 gold pieces at shops.

Inventory:

Hand Weapons
 b - a +1 hand axe of distortion
 c - a +1 antimagic short sword
 d - a +0 dagger of electrocution
 v - a +1 sling of draining
 J - a +2 dagger of venom
 M - a +0 short sword of holy wrath
Missiles
 l - 43 poisoned darts
 m - 8 curare-tipped darts
 H - 2 throwing nets
Armour
 n - a +1 pair of gloves (worn)
 y - a +0 cloak (worn)
 T - a +1 buckler of reflection (worn)
 V - a +0 troll leather armour (worn)
 Z - a +0 hat of willpower (worn)
Magical Staves
 a - a staff of earth (weapon)
 e - a staff of air
 f - a staff of poison
 B - a staff of death
 Q - a staff of fire
Jewellery
 E - a ring of ice
 F - an amulet of regeneration (around neck)
 P - a ring of see invisible
 R - the ring "Xinla" (right hand) {+Blink AC+4}
   (You found it on level 5 of the Lair of Beasts)

   [ring of protection]

   AC:        It affects your AC (+4).
   +Blink:    It lets you blink.
 X - a ring of willpower (left hand)
Wands
 q - a wand of iceblast (2)
 x - a wand of light (10)
 D - a wand of flame (54)
 I - a wand of mindburst (24)
 U - a wand of paralysis (10)
Scrolls
 g - 7 scrolls of teleportation
 j - 2 scrolls of enchant weapon
 k - 3 scrolls of immolation
 p - a scroll of fog
 r - 2 scrolls of silence
 s - 3 scrolls of poison
 u - a scroll of blinking
 z - a scroll of enchant armour
 L - 3 scrolls of magic mapping
 N - 6 scrolls of identify
 S - 3 scrolls of fear
Potions
 h - 7 potions of brilliance
 i - 2 potions of invisibility
 o - a potion of mutation
 t - 5 potions of heal wounds
 w - 6 potions of attraction
 A - 2 potions of resistance
 C - 6 potions of lignification
 G - a potion of might
 K - 2 potions of haste
 O - 2 potions of ambrosia
 W - 9 potions of curing
Miscellaneous
 Y - a phantom mirror


   Skills:
 * Level 8.4 Fighting
 + Level 6.1 Axes
 + Level 7.2 Armour
 + Level 7.2 Dodging
 - Level 1.5 Stealth
 * Level 7.2 Shields
 - Level 14.2 Spellcasting
 * Level 9.9 Invocations


You knew the following spells:

 Your Spells              Type           Power      Damage    Failure   Level
a - Freeze                Ice            100%       1d10      1%          1
b - Frozen Ramparts       Ice            100%       1d16      1%          3
c - Ozocubu's Armour      Ice            59%        N/A       1%          3
d - Summon Ice Beast      Ice/Summ       59%        N/A       1%          4
e - Summon Small Mammal   Summ           100%       N/A       1%          1
f - Blink                 Tloc           100%       N/A       1%          2
g - Vampiric Draining     Necr           59%        2d10      1%          3
h - Dazzling Flash        Conj/Hex       100%       N/A       1%          3
i - Summon Forest         Summ/Tloc      29%        N/A       1%          5
j - Borgnjor's Vile Clut  Necr/Erth      38%        N/A       1%          5
k - Plasma Beam           Fire/Air       29%        2x1d46    3%          6
Your spell library was empty.

Dungeon Overview and Level Annotations

Branches:
Dungeon (13/15)            Temple (0/1) D:7            Lair (5/5) D:9
 Shoals (0/4) Lair:3        Snake (0/4) Lair:2        Slime (0/5) Lair:5
    Orc (2/2) D:12            Elf (0/3) Orc:2        Vaults (0/5) D:13
 Bailey (visited)

Altars:
Cheibriados
Dithmenos
Nemelex Xobeh
Okawaru
Qazlal
Uskayaw
Wu Jian
Yredelemnul
Zin

Shops:
D:6 =   D:8 (   D:11 (*   D:13 *   Orc:1 [

Annotations:
D:7 1 runed translucent door
Lair:1 1 runed translucent door, osoart's ghost, novice MfHu
Lair:5 1 runed translucent door
Orc:1 corrupted


Innate Abilities, Weirdness & Mutations

You are immune to sickness and miasma.
You are immune to poison.
Your flesh is very heat resistant. (rF++)
You are vulnerable to cold. (rC-)
You float through the air rather than walking.
You learn spells naturally, not from books.
Your magical power is your life essence.
You have superior vitality. (+4 MHP)


Message History

You feel life coursing into your body.
The orc priest hits you but does no damage.
Casting: Vampiric Draining (safe; 1% risk of failure)
Confirm with . or Enter, or press ? or * to list all spells.
Aiming: Vampiric Draining (safe; 1% risk of failure)
Press: ? - help, Shift-Dir - straight line, f/p - orc priest
Aim: an orc priest, wielding a +0 whip (severely wounded)
You draw life force from the orc priest!!
You kill the orc priest!
Lugonu accepts your kill.
You feel life coursing into your body.
You fly downwards.
The centaur wields a +0 shortbow.
The centaur shoots an arrow.
You reflect the arrow off your +1 buckler of reflection!
The arrow hits the centaur.
The centaur shoots an arrow.
You reflect the arrow off your +1 buckler of reflection!
The arrow barely misses the centaur.
The ettin hits you with a +0 great mace!
The ettin misses you. The troll bites you. The troll misses you.
The troll closely misses you.
An orc wizard comes into view. It is wielding a +0 dagger.
The orc shoots a bolt.
The bolt barely misses you.
The bolt hits the ettin!
The centaur shoots an arrow.
The arrow barely misses you.
The centaur shoots an arrow.
The arrow barely misses you.
The arrow hits the troll!
The orc warrior shoots a bolt.
The bolt barely misses you.
The centaur shoots an arrow.
You reflect the arrow off your +1 buckler of reflection!
The arrow barely misses the centaur.
The troll bites you. The troll claws you but does no damage.
The troll claws you.
The orc shoots a bolt.
You reflect the bolt off your +1 buckler of reflection!
The bolt hits the orc.
The ettin hits you with a +0 great mace!
The ettin hits you with a +0 dire flail!!
There is a stone staircase leading up here.
The centaur shoots an arrow.
The arrow misses you.
The arrow barely misses the troll.
The centaur shoots an arrow.
The arrow misses you.
The centaur shoots an arrow.
The arrow hits you.
The ettin hits you with a +0 great mace!!!
You die...

♣ $# ###### ...
##.#..##....
#...CToc..o.
♣)#@.#.....
#..[......
#.)[[c......[.
♣....##.....##.
##.## #.$......
# #........
.o.c.....
...^.....
♣...♣##..


You could see an ettin, a troll, an orc warrior, 3 centaurs, an orc wizard and
an orc.

Vanquished Creatures
  4 hydras
  2 boulder beetles
  3 two-headed ogres
  A catoblepas (Lair:5)
  4 death yaks
  A skyshark (Lair:2)
  Pikel (D:8)
  A wizard (D:13)
  A cyclops (D:12)
  A manticore (D:12)
  An orc sorcerer (Orc:2)
  2 black mambas
  2 elephants (Lair:5)
  A torpor snail (Lair:5)
  An unseen horror (D:12)
  10 cane toads
  A rime drake (Lair:5)
  A kobold demonologist (D:9)
  8 komodo dragons
  A polar bear (Lair:5)
  5 trolls
  3 meliai (D:13)
  4 hornets
  11 blink frogs
  A dream sheep (shapeshifter) (D:13)
  2 dream sheep (Lair:5)
  2 wraiths
  9 spriggans (Lair:5)
  A vampire (D:13)
  3 shadows
  20 yaks
  3 wyverns
  2 basilisks
  A steam dragon (D:8)
  Menkaure (D:4)
  2 vampire mosquitoes
  A naga (Lair:2)
  12 water moccasins
  An acid dragon (D:9)
  2 ice beasts (D:7)
  8 black bears
  6 orc warriors
  3 ogres (D:12)
  13 wolves
  3 boggarts (Lair:5)
  2 centaurs
  A lemure (D:8)
  2 kobold brigands
  4 bullfrogs
  5 killer bees (D:10)
  An electric eel (D:12)
  4 howler monkeys
  4 hounds
  9 orc priests
  A jelly (D:6)
  2 sleepcaps
  5 iguanas
  Natasha (D:2)
  4 orc wizards
  7 gnolls
  8 adders
  A shadow imp (D:7)
  2 white imps (D:6)
  An ufetubus (D:4)
  3 worms
  3 dart slugs
  47 orcs
  9 ball pythons
  10 bats
  6 endoplasms
  2 giant cockroaches
  18 goblins
  14 hobgoblins
  11 jackals
  28 kobolds
  9 quokkas
  8 frilled lizards
  A jackal zombie (D:7)
  7 rats
406 creatures vanquished.

Vanquished Creatures (collateral kills)
  Gastronok (Lair:1)
  A boulder beetle (D:12)
  3 two-headed ogres
  Urug (D:10)
  2 death yaks (Lair:2)
  Sonja (Lair:5)
  Lodul (D:12)
  A deep elf pyromancer (D:13)
  3 orc knights
  An orc sorcerer (Orc:2)
  2 elephants (Lair:5)
  A black mamba (Lair:5)
  An unseen horror (D:12)
  A torpor snail (Lair:2)
  A cane toad (Lair:4)
  A komodo dragon (Lair:2)
  A rime drake (Lair:5)
  A kobold demonologist (D:10)
  A troll (D:9)
  2 polar bears (Lair:2)
  2 hornets
  3 blink frogs
  5 dream sheep
  10 slime creatures (D:12)
  A vampire (D:9)
  4 spriggans (Lair:5)
  10 yaks
  A wyvern (D:9)
  A basilisk (Lair:1)
  2 nagas (Lair:2)
  3 vampire mosquitoes (D:11)
  3 water moccasins
  5 orc warriors
  2 boggarts (Lair:5)
  2 centaurs (Orc:2)
  6 ogres
  12 wolves
  4 bullfrogs
  5 killer bees (D:9)
  2 electric eels (D:12)
  A howler monkey (D:11)
  5 orc priests
  A gnoll bouda (Lair:1)
  2 orc wizards
  24 orcs
  2 bushes (D:12)
145 creatures vanquished.

Vanquished Creatures (others)
  An orc knight (Orc:1)
  A warg (Orc:1)
  An orc wizard (Orc:2)
  2 orcs (Orc:2)
  37 fungi
  50 plants
  8 snaplasher vines
  2 starspawn tentacles (Orc:1)
102 creatures vanquished.

Grand Total: 653 creatures vanquished

Notes
Turn   | Place    | Note
-------+----------+-------------------------------------------
     0 | D:1      | jimonade the Djinni Ice Elementalist began the quest for
                  | the Orb.
     0 | D:1      | jimonade set off with the following spells memorised:
                  | Freeze, Frozen Ramparts, Ozocubu's Armour, Summon Ice
                  | Beast.
     0 | D:1      | Reached XP level 1. HP: 15/15 MP: 0/0
   174 | D:1      | Reached XP level 2. HP: 17/21 MP: 0/0
   428 | D:1      | Reached XP level 3. HP: 23/25 MP: 0/0
   428 | D:1      | Learned a level 1 spell: Summon Small Mammal
   558 | D:1      | Reached skill level 4 in Spellcasting
   867 | D:2      | Found a hide-covered altar of Uskayaw.
  1174 | D:2      | Reached XP level 4. HP: 21/31 MP: 0/0
  2090 | D:3      | Noticed Natasha
  2095 | D:3      | Reached XP level 5. HP: 31/35 MP: 0/0
  2095 | D:3      | Learned a level 2 spell: Blink
  2123 | Abyss:1  | Cast into level 1 of the Abyss (orc)
  2132 | Abyss:1  | Noticed a smoke demon
  2155 | Abyss:2  | Found a corrupted altar of Lugonu.
  2158 | Abyss:2  | Noticed a large abomination
  2175 | Abyss:3  | Found a corrupted altar of Lugonu.
  2184 | Abyss:3  | Became a worshipper of Lugonu the Unformed
  2184 | Abyss:3  | Reached * piety under Lugonu
  2184 | Abyss:3  | Reached ** piety under Lugonu
  2185 | D:3      | Escaped the Abyss
  2192 | D:2      | Killed Natasha
  2193 | D:2      | Reached skill level 5 in Spellcasting
  2813 | D:3      | Reached XP level 6. HP: 39/40 MP: 0/0
  3316 | D:4      | Noticed Menkaure
  3332 | D:3      | Reached skill level 1 in Armour
  3672 | D:4      | Killed Menkaure
  3673 | D:4      | Reached skill level 1 in Axes
  3673 | D:4      | Reached XP level 7. HP: 13/45 MP: 0/0
  3673 | D:4      | Learned a level 3 spell: Vampiric Draining
  4647 | D:5      | Entered Level 5 of the Dungeon
  4851 | D:5      | Found a stormy altar of Qazlal.
  4851 | D:5      | Found a snail-covered altar of Cheibriados.
  4853 | D:5      | Found an iron altar of Okawaru.
  4926 | D:5      | Noticed a water moccasin
  4933 | D:5      | Killed a water moccasin
  4934 | D:5      | Reached skill level 6 in Spellcasting
  5021 | D:5      | Reached XP level 8. HP: 47/50 MP: 0/0
  5498 | D:5      | Found a sparkling altar of Nemelex Xobeh.
  5578 | D:5      | Found a glowing silver altar of Zin.
  5578 | D:5      | Noticed an angel
  6045 | D:6      | Reached *** piety under Lugonu
  6392 | D:6      | Found an ornate altar of the Wu Jian Council.
  6432 | D:6      | Found Giti's Jewellery Boutique.
  6452 | D:6      | Reached skill level 7 in Spellcasting
  6850 | D:6      | Reached XP level 9. HP: 52/55 MP: 0/0
  6850 | D:6      | Learned a level 3 spell: Dazzling Flash
  7063 | D:6      | Reached **** piety under Lugonu
  7683 | D:7      | Reached skill level 8 in Spellcasting
  7807 | D:6      | Bought an amulet of regeneration for 390 gold pieces
  7924 | D:7      | Found a runed translucent door.
  7926 | D:7      | Found a basalt altar of Yredelemnul.
  8073 | D:7      | Found a staircase to the Ecumenical Temple.
  8246 | D:7      | Found a shadowy altar of Dithmenos.
  8457 | D:8      | Found Meishrip's Antique Weapon Shop.
  8465 | D:8      | Noticed a hornet
  8472 | D:8      | Killed a hornet
  8481 | D:8      | Reached skill level 9 in Spellcasting
  8500 | D:8      | Reached XP level 10. HP: 44/61 MP: 0/0
  8871 | D:8      | Noticed Pikel
  8881 | D:8      | Killed Pikel
  9523 | D:9      | Noticed a kobold demonologist
  9529 | D:9      | Noticed an ice devil
  9536 | D:9      | Killed a kobold demonologist
  9615 | D:9      | Noticed a two-headed ogre
  9627 | D:9      | Found a flagged portal.
  9632 | Bailey   | Entered a bailey
  9812 | Bailey   | Reached skill level 10 in Spellcasting
  9812 | Bailey   | Reached skill level 1 in Invocations
 10020 | Bailey   | Noticed an orc knight
 10245 | Bailey   | Noticed an orc knight
 10247 | Bailey   | Killed an orc knight
 10248 | Bailey   | Reached skill level 5 in Armour
 10272 | Bailey   | Reached ***** piety under Lugonu
 10375 | Bailey   | Reached skill level 1 in Fighting
 10444 | Bailey   | Killed an orc knight
 10858 | D:9      | Killed a two-headed ogre
 10859 | D:9      | Reached skill level 5 in Dodging
 10859 | D:9      | Reached XP level 11. HP: 56/67 MP: 0/0
 10859 | D:9      | Learned a level 5 spell: Summon Forest
 10944 | D:9      | Found a staircase to the Lair.
 11250 | D:10     | Entered Level 10 of the Dungeon
 11269 | D:10     | Reached skill level 11 in Spellcasting
 11351 | D:10     | Noticed Urug
 11363 | D:10     | Killed Urug
 11832 | D:10     | HP: 1/102 [something (19)]
 12098 | D:11     | Noticed a two-headed ogre
 12103 | D:11     | Killed a two-headed ogre
 12207 | D:11     | Reached XP level 12. HP: 75/75 MP: 0/0
 12391 | D:11     | Reached skill level 12 in Spellcasting
 12495 | D:11     | Found Voirchem's Gadget Gallery.
 12626 | D:11     | Found Gimau's Antique Weapon Boutique.
 12829 | Lair:1   | Entered Level 1 of the Lair of Beasts
 12843 | Lair:1   | Noticed Gastronok
 12856 | Lair:1   | Killed Gastronok
 13056 | Lair:1   | Noticed osoart's ghost (novice MfHu)
 13059 | Lair:1   | Found a runed translucent door.
 13780 | Lair:2   | Reached skill level 5 in Invocations
 13896 | Lair:2   | Noticed a skyshark
 13910 | Lair:2   | Killed a skyshark
 13943 | Lair:2   | Noticed a six-headed hydra
 13993 | Lair:2   | Found a hide-covered altar of Uskayaw.
 14017 | Lair:2   | Reached skill level 5 in Axes
 14053 | Lair:2   | Reached skill level 13 in Spellcasting
 14107 | Lair:2   | Noticed a death yak
 14118 | Lair:2   | Noticed a death yak
 14118 | Lair:2   | Noticed a death yak
 14124 | Lair:2   | Noticed an eight-headed hydra
 14144 | Lair:1   | Killed a death yak
 14145 | Lair:1   | Reached XP level 13. HP: 14/82 MP: 0/0
 14145 | Lair:1   | Learned a level 5 spell: Borgnjor's Vile Clutch
 14203 | Lair:2   | Killed an eight-headed hydra
 14313 | Lair:2   | Found a staircase to the Snake Pit.
 14414 | Lair:2   | Reached skill level 14 in Spellcasting
 14642 | Lair:2   | Killed a six-headed hydra
 15092 | Lair:3   | Reached skill level 1 in Shields
 15104 | Lair:3   | Found a staircase to the Shoals.
 15831 | Lair:4   | Noticed a seven-headed hydra
 15840 | Lair:4   | Killed a seven-headed hydra
 16000 | Lair:4   | Noticed a six-headed hydra
 16008 | Lair:4   | Killed a six-headed hydra
 16442 | Lair:5   | Entered Level 5 of the Lair of Beasts
 16455 | Lair:5   | Noticed a catoblepas
 16464 | Lair:5   | Killed a catoblepas
 16484 | Lair:5   | Reached XP level 14. HP: 86/90 MP: 0/0
 16488 | Lair:5   | Reached skill level 5 in Fighting
 16491 | Lair:5   | Reached ****** piety under Lugonu
 16614 | Lair:5   | Noticed Sonja
 16619 | Lair:5   | Killed Sonja
 16839 | Lair:5   | Reached skill level 5 in Shields
 17424 | Lair:5   | Identified the ring "Xinla" {+Blink AC+4}
 17606 | Lair:5   | Found a runed translucent door.
 17606 | Lair:5   | Found a staircase to the Slime Pits.
 18237 | D:12     | Reached XP level 15. HP: 103/103 MP: 0/0
 18237 | D:12     | Learned a level 6 spell: Plasma Beam
 18483 | D:6      | Bought a ring of see invisible for 195 gold pieces
 18663 | D:12     | Noticed Lodul
 18668 | D:12     | Killed Lodul
 18748 | D:12     | Found a staircase to the Orcish Mines.
 18960 | D:13     | Found Vogetuof's Assorted Antiques.
 19678 | D:13     | Found a gate to the Vaults.
 19763 | Orc:1    | Entered Level 1 of the Orcish Mines
 19796 | Orc:2    | Entered Level 2 of the Orcish Mines
 19802 | Orc:2    | HP: 2/100 [orc sorcerer/+0 dagger (12)]
 19895 | Orc:1    | Found Gorad Uki's Antique Armour Emporium.
 19930 | Orc:2    | Found a staircase to the Elven Halls.
 19964 | Orc:1    | Corrupted Orc:1
 19964 | Orc:1    | Noticed a cyan very ugly thing
 19965 | Orc:1    | Noticed a tentacled starspawn
 19965 | Orc:1    | Noticed a bone dragon
 19966 | Orc:1    | Noticed a cacodemon
 20050 | Orc:1    | Noticed a balrug
 20161 | Orc:2    | Slain by an ettin

Illustrated notes

Levels and vault maps discovered:
D:1:      matt_arrival_los_fun, layout_basic
D:2:      layout_loops_corners, basic_altar, minmay_misc_feat_x,
          nicolae_eternal_life, kennysheep_generic_room_5
D:3:      layout_loops_cross, uniq_natasha
D:4:      layout_layer_cave, vehumet_altar_wand_db, uniq_menkaure
D:5:      minmay_opposing_rooms, layout_loops_ring, zin_angel,
          nicolae_overflow_hidden_temple, dk_rats_in_the_wall
D:6:      corexii_shantytown, layout_cave_pools,
          mainiacjoe_overflow_surrounded_room, serial_shops, shop
D:7:      layout_loops_ring, dk_yredelemnul_ordeal, grunt_dithmenos_shadows,
          minmay_temple_entry_waves, serial_bayou_lagoon_a
D:8:      lemuel_ice_spiral_2, layout_basic, serial_shops,
          nicolae_stop_n_shop_1, uniq_pikel
D:9:      layout_rooms, lair_entry_dummy, enter_bailey_3
D:10:     layout_loops_ring, uniq_urug
D:11:     layout_loops_ring, serial_shops, shop, nicolae_shop_gadgets
D:12:     layout_cross, minmay_orc_entry_temple_small, serial_park,
          serial_park_fountain, serial_park_square2, serial_park_square3
          [serial_park_minivault_5x5_4], serial_park_tiny_2,
          serial_park_tiny_pond, serial_park_tiny_2, uniq_lodul
D:13:     layout_loops_ring, david_vaults_1, serial_shops, shop
Lair:1:   layout_cellular_growth, hellmonk_ghost_happy_afterlife,
          dreamdust_gnoll_shepherd, grunt_megastairs_5, uniq_gastronok
Lair:2:   layout_chaotic_city, minmay_snake_entry_guardpost_small, basic_altar,
          cheibrodos_lair_caveside_slide, st_stairs_12, grunt_megastairs_2
Lair:3:   layout_hall_layers, elwin_shoals_entry_rocks
Lair:4:   layout_regular_city
Lair:5:   minmay_lair_end_enchanted_forest, layout_layer_cave, slime_entry_2,
          serial_bayou_shore_a, uniq_sonja
Orc:1:    layout_caves, serial_shops, shop, portal_ice_cave_rime,
          nicolae_orc_rich_vein
Orc:2:    st_orc_rangers, layout_caves

Skill      XL: |  1  2  3  4  5  6  7  8  9 10 11 12 13 14 15 |
---------------+----------------------------------------------+-----
Spellcasting   | 4 5 6 7 9 10 11 13 14 | 14.2
Armour         | 1 2 3 4 5 6 7 |  7.2
Axes           | 1 2 3 4 5 6 |  6.1
Dodging        | 3 4 5 6 7 |  7.2
Invocations    | 2 4 5 7 9 |  9.9
Fighting       | 1 2 3 4 7 8 |  8.4
Shields        | 3 6 7 |  7.2
Stealth        | |  1.5

Action                     |  1- 3 |  4- 6 |  7- 9 | 10-12 | 13-15 || total
---------------------------+-------+-------+-------+-------+-------++-------
  Melee: Dagger            |     7 |    30 |    81 |    15 |       ||   133
         Hand axe          |       |    89 |   117 |   192 |    19 ||   417
         Punch             |       |     1 |     2 |     4 |       ||     7
         Staff             |       |       |       |       |     2 ||     2
   Cast: Freeze            |    61 |    16 |       |       |     2 ||    79
         Ozocubu's Armour  |     1 |    11 |    46 |    40 |    13 ||   111
         Frozen Ramparts   |     1 |     8 |    37 |    29 |     1 ||    76
         Vampiric Draining |       |       |     2 |    11 |    10 ||    23
         Summon Ice Beast  |       |       |     1 |    24 |    26 ||    51
         Dazzling Flash    |       |       |       |     2 |       ||     2
         Summon Forest     |       |       |       |    20 |    35 ||    55
         Borgnjor's Vile C |       |       |       |       |   203 ||   203
 Invoke: Depart the Abyss  |       |     1 |       |       |       ||     1
         Corrupt           |       |       |       |       |     1 ||     1
    Use: Potion            |       |     1 |       |     4 |     1 ||     6
         Scroll            |       |       |    14 |     6 |     8 ||    28
   Stab: Sleeping          |     1 |     4 |     1 |       |       ||     6
         Distracted        |       |       |       |       |     2 ||     2
 Armour: Robe              |    13 |    15 |       |       |       ||    28
         Leather armour    |       |    41 |    21 |       |       ||    62
         Ring mail         |       |       |    62 |    46 |       ||   108
         Troll leather arm |       |       |       |    76 |    55 ||   131
         Skin              |       |       |       |     5 |       ||     5
  Dodge: Dodged            |    38 |    98 |    89 |   165 |    68 ||   458
  Block: Buckler           |       |       |       |       |    41 ||    41
         Reflection        |       |       |       |       |     9 ||     9

Table legend: (Time is in decaauts)
 A = Elapsed time spent in this place.
 B = Non-inter-level travel time spent in this place.
 C = Inter-level travel time spent in this place.
 D = Time resting spent in this place.
 E = Time spent auto-exploring this place.
 F = Levels seen in this place.
 G = Mean time per level.
                   A        B        C        D        E       F      G
               +--------+--------+--------+--------+--------+-----+--------+
         Total |  20257 |  19007 |   1250 |   2094 |  10258 |  24 |  844.0 |
       Dungeon |  13380 |  12457 |    923 |   1462 |   7238 |  13 | 1029.2 |
          Lair |   5200 |   4897 |    303 |    143 |   2885 |   5 | 1040.0 |
  Orcish Mines |    400 |    377 |     23 |     40 |     55 |   2 |  200.0 |
         Abyss |     61 |     61 |      0 |      0 |      0 |   3 |   20.3 |
        Bailey |   1214 |   1214 |      0 |    449 |     80 |   1 | 1214.0 |
               +--------+--------+--------+--------+--------+-----+--------+

Top non-repeatable levels by time:
     D:6: 1643 daAuts
  Lair:5: 1523 daAuts
     D:2: 1378 daAuts
     D:3: 1307 daAuts
  Bailey: 1214 daAuts
     D:4: 1153 daAuts
     D:7: 1115 daAuts
  Lair:1: 1107 daAuts
     D:5: 1075 daAuts
     D:8: 1013 daAuts
  Lair:2: 924 daAuts
  Lair:4: 893 daAuts
     D:1: 866 daAuts
    D:10: 826 daAuts
    D:11: 812 daAuts
